[Event "Titled Tuesday Blitz January 17 Late 2023"]
[White "Manukyan, Sargis A."]
[Black "Tari, Aryan"]
[WhiteFideId "13303970"]
[BlackFideId "1510045"]
[WhiteElo "2158"]
[BlackElo "2642"]
[Result "1-0"]
[Round "03"]
[TimeControl "180+2"]
[Date "2023.01.17"]
[WhiteClock "0:00:21"]
[BlackClock "0:00:05"]

1. d4 d5 2. c4 e6 3. Nc3 c5 4. cxd5 cxd4 5. Qxd4 Nc6 6. Qd1 exd5 7. Nf3 Nf6 8. e3 Bb4 9. Be2 Ne4 10. Bd2 Bxc3 11. Bxc3 Nxc3 12. bxc3 O-O 13. O-O Qa5 14. c4 dxc4 15. Bxc4 Bg4 16. Qd5 Rad8 17. Qxa5 Nxa5 18. Be2 b6 19. h3 Bxf3 20. Bxf3 Rd2 21. Rfc1 Rfd8 22. Rc7 R2d7 23. Rac1 Kf8 24. Bg4 Rxc7 25. Rxc7 Rd2 26. a4 Ra2 27. Bd7 a6 28. Ra7 Nb3 29. Rxa6 Nc5 30. Ra8+ Ke7 31. Bb5 Ne4 32. Ra7+ Kf6 33. Rxf7+ Kxf7 34. Bc4+ Kf6 35. Bxa2 Nc5 36. f4 Nxa4 37. Kf2 b5 38. Kf3 b4 39. e4 Nc5 40. e5+ Ke7 41. g4 b3 42. Bb1 Na4 43. Bxh7 b2 44. Ke3 Nc3 45. h4 b1=Q 46. Bxb1 Nxb1 47. Kd3 Ke6 48. h5 Na3 49. Ke4 Nc4 50. f5+ Kf7 51. g5 Nd2+ 52. Kd5 Nf3 53. g6+ Ke7 54. h6 gxh6 55. f6+ Kf8 56. e6 Nh4 57. g7+ Kg8 58. e7 Kf7 1-0


[Site "https://www.chess.com"]

[Event "Titled Tuesday Blitz January 17 Late 2023"]
[White "Zakhartsov, Vladimir"]
[Black "Injac, Teodora"]
[WhiteFideId "4145097"]
[BlackFideId "932400"]
[WhiteElo "2552"]
[BlackElo "2391"]
[Result "1-0"]
[Round "03"]
[TimeControl "180+2"]
[Date "2023.01.17"]
[WhiteClock "0:00:03"]
[BlackClock "0:00:01"]

1. d4 Nf6 2. c4 g6 3. Nc3 Bg7 4. e4 d6 5. h3 e5 6. d5 a5 7. g4 Na6 8. Nge2 Nd7 9. Ng3 Qh4 10. Be3 Bh6 11. Qd2 Bxe3 12. Qxe3 f6 13. O-O-O Qg5 14. Qxg5 fxg5 15. h4 O-O 16. Rd2 Ndc5 17. hxg5 Bxg4 18. Rh4 Bd7 19. Rh2 Rf7 20. Be2 Raf8 21. f3 a4 22. Rd1 Nb4 23. Rdh1 a3 24. bxa3 Nbd3+ 25. Kd2 Nf4 26. Bd1 Ra8 27. Nb1 b5 28. Ne2 bxc4 29. Nxf4 exf4 30. Kc3 c6 31. Kxc4 cxd5+ 32. Kxd5 Ra6 33. Kd4 Ne6+ 34. Kc3 Nxg5 35. Rf2 Be6 36. Bb3 Rc7+ 37. Kb2 Rb6 38. Rd1 Rcb7 39. Rd3 Nf7 40. Nd2 Ne5 41. Rc3 Kf7 42. Kc2 g5 43. Rh2 Bxb3+ 44. axb3 Kg6 45. a4 h5 46. Rc8 Rc6+ 47. Rxc6 Nxc6 48. Kc3 g4 49. fxg4 hxg4 50. Rh8 Ne5 51. Rg8+ Kf6 52. b4 g3 53. a5 Rg7 54. Rxg7 Kxg7 55. a6 g2 56. a7 g1=Q 57. a8=Q Qe3+ 58. Kc2 Qd3+ 59. Kd1 Nf3 60. Qd5 Qxd5 61. exd5 Nd4 62. Ne4 f3 63. Ke1 1-0


[Site "https://www.chess.com"]

[Event "Titled Tuesday Blitz January 17 Late 2023"]
[White "Skvortsov, Andrei"]
[Black "Svane, Frederik"]
[WhiteFideId "24108600"]
[BlackFideId "12923044"]
[WhiteElo "2313"]
[BlackElo "2600"]
[Result "0-1"]
[Round "03"]
[TimeControl "180+2"]
[Date "2023.01.17"]
[WhiteClock "0:00:04"]
[BlackClock "0:00:08"]

1. e4 c5 2. d4 cxd4 3. Qxd4 Nc6 4. Qd3 g6 5. Nf3 Bg7 6. Be2 d6 7. O-O Nf6 8. Nc3 O-O 9. Nd5 Be6 10. c3 Nd7 11. Bg5 h6 12. Bh4 Nc5 13. Qe3 g5 14. b4 Nd7 15. Bg3 f5 16. Nxg5 hxg5 17. Qxg5 fxe4 18. Nf4 Bf7 19. Nh5 Bxh5 20. Bxh5 e6 21. Qg4 Qe7 22. Qxe4 Nf6 23. Qh4 Nxh5 24. Qxh5 Bxc3 25. Rad1 d5 26. b5 Nd8 27. Rd3 Bg7 28. Bh4 Qf7 29. Qe2 Qf4 30. Bxd8 Raxd8 31. Qxe6+ Qf7 32. Qg4 Qf5 33. Qd1 d4 34. Rg3 Rf7 35. Qa4 d3 36. Rf3 Qd5 37. Rxf7 Qxf7 38. g3 d2 39. Qg4 Rd4 40. Qe2 Qd5 41. Rd1 Qd7 42. a3 Rd5 43. a4 Bd4 44. Kg2 Bb6 45. Qe4 Rf5 46. Rxd2 Qxd2 47. Qxf5 Qd4 48. Qe6+ Kg7 49. Qe7+ Kg6 50. Qe6+ Kg7 51. Qe7+ Kh6 52. Qf8+ Kg6 53. Qe8+ Kf6 54. Qf8+ Ke6 55. h4 Qe4+ 56. f3 Qe2+ 57. Kh3 Qf1+ 58. Kg4 Qc4+ 59. Kh3 Qxa4 60. Qc8+ Kd6 61. Qxb7 Qxb5 62. h5 Qf1+ 63. Kg4 Qc4+ 64. Kh3 Qe6+ 65. Kg2 Qe2+ 66. Kh3 Qf1+ 67. Kg4 Qc4+ 68. Kh3 Qd5 69. Qb8+ Kc6 70. Qa8+ Kc5 71. Qf8+ Kc4 72. g4 a5 73. h6 Bd4 74. h7 a4 75. h8=Q Bxh8 76. Qxh8 Qxf3+ 77. Kh4 Qh1+ 78. Kg5 Qxh8 0-1


[Site "https://www.chess.com"]

[Event "Titled Tuesday Blitz January 17 Late 2023"]
[White "Rasulov, Vugar"]
[Black "Domingo Nunez, Ruben"]
[WhiteFideId "13402390"]
[BlackFideId "22245570"]
[WhiteElo "2523"]
[BlackElo "2416"]
[Result "1-0"]
[Round "03"]
[TimeControl "180+2"]
[Date "2023.01.17"]
[WhiteClock "0:00:04"]
[BlackClock "0:00:03"]

1. Nf3 g6 2. g3 Bg7 3. Bg2 Nf6 4. O-O O-O 5. d3 c5 6. e4 Nc6 7. Nbd2 Rb8 8. Re1 b5 9. Nf1 b4 10. e5 Ng4 11. Bf4 d6 12. exd6 exd6 13. h3 Nge5 14. Nxe5 Nxe5 15. Ne3 Be6 16. Nd5 g5 17. Be3 f5 18. d4 cxd4 19. Bxd4 f4 20. Be4 Bxh3 21. gxf4 Bg4 22. f3 Nxf3+ 23. Bxf3 Bxf3 24. Qxf3 Bxd4+ 25. Kh1 Qd7 26. Rad1 Bg7 27. Rg1 Kh8 28. Rxg5 Bh6 29. Rh5 Bg7 30. Rg1 Qf7 31. Qh3 h6 32. Qh4 Rb5 33. Rxg7 Qxg7 34. Rxh6+ Kg8 35. Ne7+ Kf7 36. Rh7 Rh8 37. Rxh8 Ke6 38. Rh6+ Kd7 39. Rh7 Qxb2 40. Nf5+ Kc6 41. Ne7+ Kb6 42. Nc8+ Ka6 43. Rxa7# 1-0


[Site "https://www.chess.com"]

[Event "Titled Tuesday Blitz January 17 Late 2023"]
[White "Hansen, Eric"]
[Black "Msellek, Ilyass"]
[WhiteFideId "2606771"]
[BlackFideId "675938"]
[WhiteElo "2609"]
[BlackElo "2420"]
[Result "1-0"]
[Round "03"]
[TimeControl "180+2"]
[Date "2023.01.17"]
[WhiteClock "0:00:31"]
[BlackClock "0:00:05"]

1. g3 Nf6 2. Bg2 d5 3. b3 c6 4. Bb2 g6 5. d3 Bg7 6. Nd2 O-O 7. c4 d4 8. Ngf3 c5 9. b4 Nc6 10. bxc5 e5 11. O-O Nd7 12. Ba3 Qa5 13. Qc1 Nxc5 14. Rb1 a6 15. Nb3 Nxb3 16. Rxb3 Re8 17. Nd2 Bg4 18. Rxb7 Rac8 19. Nb3 Qd8 20. Qd2 Rc7 21. Rb6 Nb8 22. Bd6 Rc8 23. c5 Be6 24. Rc1 h5 25. Bb7 Nd7 26. Rxa6 Kh7 27. Qb2 Bh6 28. Rc2 h4 29. c6 Nf8 30. Bxe5 Bxb3 31. Qxb3 Rxe5 32. Qxf7+ Bg7 33. c7 h3 34. cxd8=Q Rxc2 35. Qh4+ Rh5 36. Qxh5+ gxh5 37. Qxh5+ Kg8 38. Bd5+ 1-0


[Site "https://www.chess.com"]

[Event "Titled Tuesday Blitz January 17 Late 2023"]
[White "Di Berardino, Diego Rafael"]
[Black "Ibarra Jerez, Jose Carlos"]
[WhiteFideId "2105446"]
[BlackFideId "2226332"]
[WhiteElo "2479"]
[BlackElo "2563"]
[Result "0-1"]
[Round "03"]
[TimeControl "180+2"]
[Date "2023.01.17"]
[WhiteClock "0:00:14"]
[BlackClock "0:01:26"]

1. e4 c5 2. Nf3 Nc6 3. d4 cxd4 4. Nxd4 e5 5. Nb5 d6 6. N1c3 a6 7. Na3 Be6 8. Nc4 Rb8 9. Ne3 Nf6 10. Ned5 g6 11. Bg5 Bg7 12. Bxf6 Bxf6 13. Be2 Bg7 14. O-O O-O 15. Ne3 Nd4 16. Ncd5 f5 17. c3 Nxe2+ 18. Qxe2 f4 19. Nc4 b5 20. Nd2 g5 21. h3 Rb7 22. Rad1 Qe8 23. Nb3 f3 24. Qe3 Qh5 25. Kh2 fxg2 26. Rg1 Rf3 0-1


[Site "https://www.chess.com"]

[Event "Titled Tuesday Blitz January 17 Late 2023"]
[White "Solon, Nathan"]
[Black "Remizov, Yaroslav"]
[WhiteFideId "2017229"]
[BlackFideId "34134015"]
[WhiteElo "2306"]
[BlackElo "2421"]
[Result "0-1"]
[Round "03"]
[TimeControl "180+2"]
[Date "2023.01.17"]
[WhiteClock "0:00:02"]
[BlackClock "0:00:09"]

1. Nf3 d5 2. g3 Bg4 3. Bg2 Nd7 4. d4 Ngf6 5. h3 Bxf3 6. exf3 g6 7. f4 Bg7 8. O-O O-O 9. Nd2 c5 10. Nf3 Rc8 11. c3 e6 12. Be3 Qb6 13. Qe2 cxd4 14. Bxd4 Qa5 15. Ne5 Nxe5 16. fxe5 Nd7 17. f4 Nb8 18. h4 Nc6 19. Rfd1 Nxd4 20. Rxd4 Rfd8 21. Kh2 b5 22. h5 Qb6 23. a4 a6 24. axb5 axb5 25. Bf1 Rc4 26. Qf2 Ra4 27. Rad1 Bf8 28. Qe2 Bc5 29. R4d3 Rda8 30. Bh3 b4 31. cxb4 Rxb4 32. R3d2 Ra2 33. Rb1 Rb3 34. Rc2 Kg7 35. Qd2 Be3 36. Qe2 Bd4 37. hxg6 hxg6 38. Bg4 Rbxb2 39. Rcxb2 Rxb2 40. Rxb2 Bxb2 41. Bf3 Bd4 42. Kg2 Qb1 43. Bg4 Qg1+ 44. Kf3 Qh1+ 45. Qg2 Qd1+ 46. Qe2 Qb1 47. Kg2 Qg1+ 48. Kf3 Bc5 49. Bh3 d4 50. Bf1 Qh1+ 51. Bg2 Qc1 52. Qd3 Qa1 53. Bf1 Bb4 54. Be2 Be1 55. Bf1 Qb2 56. Be2 Bc3 57. g4 Qc1 58. f5 exf5 59. gxf5 gxf5 60. Kg2 Qg5+ 61. Kf3 Qg4+ 62. Kf2 Qf4+ 63. Kg2 Qxe5 64. Qg3+ Kf6 65. Qxe5+ Kxe5 66. Kf3 Bd2 67. Bd3 f4 68. Bc2 Kd5 69. Bd3 Kc5 70. Ke4 Be3 71. Be2 Kb4 72. Bd3 Kc3 73. Be2 d3 74. Bxd3 f5+ 75. Kxf5 Kxd3 76. Kg4 Ke2 0-1


[Site "https://www.chess.com"]

[Event "Titled Tuesday Blitz January 17 Late 2023"]
[White "Abdrlauf, Elham"]
[Black "Godzwon, Iwo"]
[WhiteFideId "1533533"]
[BlackFideId "21802483"]
[WhiteElo "2518"]
[BlackElo "2394"]
[Result "1-0"]
[Round "03"]
[TimeControl "180+2"]
[Date "2023.01.17"]
[WhiteClock "0:00:03"]
[BlackClock "0:00:05"]

1. e4 c5 2. Nf3 Nc6 3. b4 Nxb4 4. c3 Nc6 5. d4 d6 6. Nbd2 e5 7. Bb5 Bd7 8. Bxc6 Bxc6 9. dxe5 dxe5 10. Nxe5 Qc7 11. Nxc6 Qxc6 12. O-O Be7 13. Nc4 Nf6 14. e5 Nd5 15. Na5 Qd7 16. Qf3 Rd8 17. Rd1 Qc7 18. Nxb7 Qxb7 19. c4 Qc7 20. cxd5 Qxe5 21. Bf4 Qf5 22. d6 Bf6 23. Re1+ Kf8 24. Qe3 g5 25. Be5 Kg7 26. Rad1 c4 27. Qd4 Rhe8 28. Bxf6+ Qxf6 29. Qxc4 Rxe1+ 30. Rxe1 Rxd6 31. g3 Rd2 32. Re2 Rxe2 33. Qxe2 a6 34. Kg2 h6 35. h3 Qc6+ 36. Qf3 Qb6 37. Qd3 f6 38. Qf3 Kg6 39. Qd3+ Kg7 40. Qe4 h5 41. Qd5 Kg6 42. Qg8+ Kh6 43. Qh8+ Kg6 44. Qg8+ Kh6 45. Qd5 Kg6 46. a4 Qb4 47. Qg8+ Kh6 48. Qh8+ Kg6 49. Qe8+ Kh6 50. Qc6 Kg6 51. Qxa6 Qe4+ 52. Kg1 Qe1+ 53. Qf1 Qb4 54. Qa1 Qa5 55. Qb1+ Kg7 56. Qb7+ Kg6 57. Qe4+ Kg7 58. Kg2 Kh6 59. Qc4 Kg7 60. Qb5 Qe1 61. a5 Qe4+ 62. Kg1 Qe1+ 63. Kg2 Qe4+ 64. Kh2 Qf3 65. Qd7+ Kg6 66. Qd2 Qa3 67. Qc2+ Kg7 68. Qc7+ Kh6 69. Qb6 Kg7 70. a6 h4 71. gxh4 gxh4 72. a7 Kg6 73. Qb7 Qa2 74. Qg2+ Kh6 75. a8=Q Qxa8 76. Qxa8 1-0


[Site "https://www.chess.com"]

[Event "Titled Tuesday Blitz January 17 Late 2023"]
[White "Ozer, Omer Faruk"]
[Black "Kadric, Denis"]
[WhiteFideId "6354564"]
[BlackFideId "14403803"]
[WhiteElo "2360"]
[BlackElo "2601"]
[Result "1-0"]
[Round "03"]
[TimeControl "180+2"]
[Date "2023.01.17"]
[WhiteClock "0:01:27"]
[BlackClock "0:01:22"]

1. e4 d6 2. d4 Nf6 3. Nc3 e5 4. Nf3 Nbd7 5. Bc4 Be7 6. a4 O-O 7. O-O c6 8. Qe2 exd4 9. Nxd4 Re8 10. Ba2 Bf8 11. Qf3 Ne5 12. Qg3 Nh5 13. Qg5 Nf6 14. Rd1 h6 15. Qh4 Qa5 16. f3 Bd7 17. Bxh6 d5 18. Bg5 Ng6 19. Qf2 dxe4 20. Bxf6 e3 21. Qg3 1-0


[Site "https://www.chess.com"]

[Event "Titled Tuesday Blitz January 17 Late 2023"]
[White "Pichot, Alan"]
[Black "Rostomyan, Mikayel"]
[WhiteFideId "110973"]
[BlackFideId "13313754"]
[WhiteElo "2638"]
[BlackElo "2222"]
[Result "1-0"]
[Round "03"]
[TimeControl "180+2"]
[Date "2023.01.17"]
[WhiteClock "0:00:45"]
[BlackClock "0:00:16"]

1. Nf3 d5 2. c4 d4 3. g3 Nc6 4. Bg2 e5 5. d3 Bb4+ 6. Bd2 a5 7. O-O Nf6 8. Na3 O-O 9. Bg5 h6 10. Bxf6 Qxf6 11. Nc2 Bc5 12. Nd2 Qe7 13. b3 f5 14. a3 Bd7 15. Qb1 Qg5 16. Bd5+ Kh8 17. Nf3 Qf6 18. Qb2 Rae8 19. b4 Bd6 20. c5 Be7 21. e3 dxe3 22. Nxe3 e4 23. Qxf6 Bxf6 24. dxe4 Bxa1 25. Rxa1 fxe4 26. Nh4 Kh7 27. Rb1 axb4 28. axb4 g5 29. Nhg2 Bc8 30. Ne1 Nd4 31. N1c2 Ne2+ 32. Kg2 Nc3 33. Ra1 Nxd5 34. Nxd5 c6 35. Nc3 Rf3 36. Nxe4 Rd3 37. Nf6+ Kg6 38. Nxe8 Bg4 39. Ne3 Be6 40. Nd6 h5 41. h4 gxh4 42. gxh4 Rb3 43. Nxb7 Rxb4 44. Nd8 Bg8 45. Nxc6 Rxh4 46. Ne7+ Kf7 47. Nxg8 Kxg8 48. c6 1-0


[Site "https://www.chess.com"]

[Event "Titled Tuesday Blitz January 17 Late 2023"]
[White "Galperin, Platon"]
[Black "Hamitevici, Vladimir"]
[WhiteFideId "14165414"]
[BlackFideId "13902393"]
[WhiteElo "2528"]
[BlackElo "2496"]
[Result "1-0"]
[Round "03"]
[TimeControl "180+2"]
[Date "2023.01.17"]
[WhiteClock "0:00:17"]
[BlackClock "0:00:08"]

1. Nf3 c5 2. g3 b5 3. Na3 b4 4. Nc4 d5 5. Ne3 Bb7 6. Bg2 Nc6 7. O-O e5 8. c4 bxc3 9. bxc3 e4 10. Nh4 Nf6 11. Rb1 Rb8 12. Qa4 Qd7 13. d3 exd3 14. exd3 g6 15. c4 Nb4 16. Qxa7 Ra8 17. Qb6 Ra6 18. Qb5 Qxb5 19. cxb5 Rxa2 20. Bb2 Bg7 21. Ng4 Rxb2 22. Rfe1+ Kd7 23. Ne5+ Kc7 24. Rxb2 Nd7 25. Rxb4 cxb4 26. Rc1+ Nc5 27. Nxf7 Rf8 28. Rxc5+ Kb6 29. Rxd5 Rxf7 30. Rd6+ Kc5 31. Re6 b3 32. Bxb7 Rxb7 33. Nf3 Bc3 34. Rc6+ Kb4 35. Rc4+ Kxb5 36. Rxc3 b2 37. Rb3+ Ka6 38. Rxb7 Kxb7 39. Nd2 1-0


[Site "https://www.chess.com"]

[Event "Titled Tuesday Blitz January 17 Late 2023"]
[White "Zhigalko, Sergei"]
[Black "Lymar, Vladislav"]
[WhiteFideId "13502956"]
[BlackFideId "14162180"]
[WhiteElo "2572"]
[BlackElo "2119"]
[Result "1-0"]
[Round "03"]
[TimeControl "180+2"]
[Date "2023.01.17"]
[WhiteClock "0:00:09"]
[BlackClock "0:00:06"]

1. e4 c5 2. Nf3 Nc6 3. c3 d5 4. exd5 Qxd5 5. d4 e6 6. Na3 cxd4 7. Nb5 Bd6 8. Bc4 Qe4+ 9. Be3 Bb8 10. Nbxd4 Nf6 11. O-O O-O 12. Re1 Qg4 13. h3 Qh5 14. Be2 Qd5 15. Qc2 e5 16. Nxc6 Qxc6 17. Rad1 e4 18. Nd2 Qc7 19. Nf1 Bf5 20. Bd4 Qc6 21. Ne3 Bg6 22. Qb3 Bf4 23. Bxf6 Bxe3 24. Be7 Rfe8 25. Bh4 Bb6 26. Bb5 Qc5 27. Bxe8 Rxe8 28. Qd5 Qc7 29. Qd7 Qb8 30. Bg3 Qa8 31. Bc7 Bc5 32. Qxe8+ Qxe8 33. Rd8 Qxd8 34. Bxd8 f5 35. Bg5 a6 36. Rd1 Be8 37. Rd5 Ba7 38. Rxf5 Bc6 39. Be3 Bb8 40. Rc5 Bd6 41. Rc4 Kf7 42. Rd4 Ke6 43. Rd2 Be5 44. a3 g6 45. Bd4 Bf4 46. Be3 Kf5 47. Bxf4 Kxf4 48. Re2 Bb5 49. Re3 Bd3 50. g3+ Kf5 51. f3 Bc2 52. Kf2 exf3 53. Kxf3 Bd1+ 54. Kf2 Bc2 55. Re7 b5 56. Rxh7 1-0


[Site "https://www.chess.com"]

[Event "Titled Tuesday Blitz January 17 Late 2023"]
[White "Liang, Justin"]
[Black "Mikaelyan, Arman"]
[WhiteFideId "2099942"]
[BlackFideId "13304852"]
[WhiteElo "2052"]
[BlackElo "2523"]
[Result "1-0"]
[Round "03"]
[TimeControl "180+2"]
[Date "2023.01.17"]
[WhiteClock "0:00:02"]
[BlackClock "0:00:04"]

1. d4 Nf6 2. c4 e6 3. Nf3 d5 4. g3 Be7 5. Bg2 O-O 6. O-O c6 7. Qc2 Nbd7 8. b3 b6 9. Bb2 Bb7 10. Nbd2 Rc8 11. Rac1 c5 12. Qb1 dxc4 13. Nxc4 b5 14. Ne3 cxd4 15. Nxd4 Bxg2 16. Kxg2 Qb6 17. Rfd1 Bc5 18. Qa1 Rfd8 19. a3 a5 20. a4 bxa4 21. Qxa4 h6 22. Nc4 Qb7+ 23. f3 Nd5 24. e4 N7b6 25. Qb5 Nxc4 26. Qxb7 Nde3+ 27. Kh3 Nxd1 28. Nc6 Nf2+ 29. Kg2 Ne3+ 30. Kxf2 Ng4+ 31. Kg2 Rd2+ 32. Kh3 Nf2+ 33. Kh4 Rf8 34. Bxg7 Be3 35. Bf6 Nxe4 36. Ne7+ Kh7 37. Qxe4# 1-0


[Site "https://www.chess.com"]

[Event "Titled Tuesday Blitz January 17 Late 2023"]
[White "Bernadskiy, Vitaliy"]
[Black "Prado Lobo, Jonas"]
[WhiteFideId "14100371"]
[BlackFideId "32050666"]
[WhiteElo "2592"]
[BlackElo "2313"]
[Result "1-0"]
[Round "03"]
[TimeControl "180+2"]
[Date "2023.01.17"]
[WhiteClock "0:00:46"]
[BlackClock "0:00:08"]

1. e4 e5 2. Nf3 Nc6 3. Bb5 a6 4. Ba4 Nf6 5. O-O b5 6. Bb3 Bc5 7. a4 Rb8 8. c3 d6 9. d4 Bb6 10. a5 Ba7 11. h3 O-O 12. Be3 exd4 13. cxd4 d5 14. e5 Ne4 15. Nc3 Be6 16. Ne2 Ne7 17. Nd2 Rc8 18. Nxe4 dxe4 19. d5 Bxe3 20. dxe6 Bc5 21. exf7+ Kh8 22. Nf4 Ng6 23. Ne6 Qe7 24. Nxf8 Rxf8 25. e6 Nf4 26. Qg4 Qf6 27. Rae1 Nd3 28. Re2 e3 29. fxe3 Qe5 30. Qf5 Bxe3+ 31. Kh1 Qg3 32. Qxd3 1-0


[Site "https://www.chess.com"]

[Event "Titled Tuesday Blitz January 17 Late 2023"]
[White "Baskakov, Egor"]
[Black "Hirneise, Jens"]
[WhiteFideId "24197866"]
[BlackFideId "24614734"]
[WhiteElo "2215"]
[BlackElo "2277"]
[Result "1-0"]
[Round "03"]
[TimeControl "180+2"]
[Date "2023.01.17"]
[WhiteClock "0:02:04"]
[BlackClock "0:01:40"]

1. e4 e6 2. Nc3 c5 3. g3 g6 4. Bg2 Bg7 5. Nge2 Nc6 6. O-O h5 7. h3 Nge7 8. d3 d5 9. exd5 exd5 10. Nf4 d4 11. Ncd5 O-O 12. Nxe7+ Qxe7 13. Re1 Qd8 14. Bd2 Bd7 15. a3 a5 16. a4 Rb8 17. b3 Re8 18. Rxe8+ Bxe8 19. Qf3 Ne5 20. Qd5 Bc6 21. Qxd8+ Rxd8 22. Bxa5 Rc8 23. Nd5 Re8 24. Re1 Nf3+ 25. Bxf3 Rxe1+ 26. Bxe1 1-0


[Site "https://www.chess.com"]

[Event "Titled Tuesday Blitz January 17 Late 2023"]
[White "Martynov, Pavel"]
[Black "Paichadze, Luka"]
[WhiteFideId "4101260"]
[BlackFideId "13602934"]
[WhiteElo "2414"]
[BlackElo "2515"]
[Result "0-1"]
[Round "03"]
[TimeControl "180+2"]
[Date "2023.01.17"]
[WhiteClock "0:00:04"]
[BlackClock "0:00:31"]

1. e4 c6 2. d4 d5 3. exd5 cxd5 4. c4 Nf6 5. Nc3 Nc6 6. Bg5 Be6 7. Nge2 h6 8. Bxf6 exf6 9. Nf4 Bb4 10. Nxe6 fxe6 11. Be2 dxc4 12. Bh5+ Ke7 13. Qg4 g5 14. Rd1 f5 15. Qh3 g4 16. Qe3 Bxc3+ 17. bxc3 Qd5 18. O-O Rag8 19. f4 b5 20. Rfe1 a5 21. Kh1 b4 22. Re2 Rf8 23. h3 Rhg8 24. Rde1 Rf6 25. Qg3 bxc3 26. Qxc3 Qxd4 27. Qa3+ Qd6 28. Qb2 Rb8 29. Qc3 Qd4 30. Qa3+ Qd6 31. Qc3 gxh3 32. Bf3 hxg2+ 33. Bxg2 Nd8 34. Qxc4 Rb4 35. Qc3 Rxf4 36. Qxa5 Rh4+ 37. Kg1 Qd4+ 38. Kf1 Rf4+ 39. Bf3 Rxf3+ 40. Kg2 Qg4+ 41. Kh1 Rh3+ 42. Rh2 Qf3+ 43. Kg1 Rg6+ 44. Rg2 Rxg2# 0-1


[Site "https://www.chess.com"]

[Event "Titled Tuesday Blitz January 17 Late 2023"]
[White "Rangel, Daniel"]
[Black "Holt, Conrad"]
[WhiteFideId "2124475"]
[BlackFideId "2034387"]
[WhiteElo "2207"]
[BlackElo "2540"]
[Result "0-1"]
[Round "03"]
[TimeControl "180+2"]
[Date "2023.01.17"]
[WhiteClock "0:00:01"]
[BlackClock "0:00:07"]

1. c4 c6 2. g3 d5 3. Bg2 dxc4 4. a4 e5 5. Na3 Be6 6. Qc2 Bxa3 7. Rxa3 Nf6 8. Nf3 Bd5 9. O-O Nbd7 10. Qf5 Be4 11. Qg5 h6 12. Qe3 O-O 13. Qc3 Bd5 14. Re1 Re8 15. Qc2 e4 16. Nd4 Qa5 17. Nf5 Nb6 18. Nd6 Re7 19. Nf5 Rd7 20. Qc3 Qxc3 21. bxc3 a5 22. Bb2 g6 23. Ne3 Be6 24. Nf1 Re7 25. Rb1 Bd7 26. Ra2 c5 27. Ba3 Nxa4 28. Ne3 b5 29. Bc1 b4 30. Nxc4 Be6 31. d3 Bxc4 32. dxc4 Nxc3 33. Rab2 Nxb1 34. Rxb1 a4 35. Bxh6 a3 36. Bg5 Re6 37. Ra1 b3 38. Bc1 a2 39. Bb2 Rd8 40. Kf1 Rd2 41. Bc3 b2 42. Bxb2 Rxb2 43. e3 Rb1+ 0-1


[Site "https://www.chess.com"]

[Event "Titled Tuesday Blitz January 17 Late 2023"]
[White "ArchibaldCerveza29"]
[Black "Lodici, Lorenzo"]
[BlackFideId "884189"]
[WhiteElo "2547"]
[BlackElo "2524"]
[Result "0-1"]
[Round "03"]
[TimeControl "180+2"]
[Date "2023.01.17"]
[WhiteClock "0:00:08"]
[BlackClock "0:00:23"]

1. d4 Nf6 2. c4 d6 3. Nf3 g6 4. Nc3 Bf5 5. Nh4 Bd7 6. e4 e5 7. Nf3 exd4 8. Nxd4 Nc6 9. Be3 Bg7 10. Be2 O-O 11. O-O Re8 12. f3 Nh5 13. f4 Nf6 14. Bf3 Ng4 15. Bxg4 Bxg4 16. Nxc6 Qd7 17. Qd2 bxc6 18. Rae1 c5 19. f5 gxf5 20. Bh6 Bd4+ 21. Kh1 f6 22. h3 Bh5 23. exf5 Kh8 24. Nd5 c6 25. Nf4 Bf7 26. Ne6 Bxe6 27. fxe6 Rxe6 28. Rxe6 Qxe6 29. b3 Re8 30. Qf4 Rg8 31. Qf3 d5 32. Bf4 Qe4 33. Qxe4 dxe4 34. Re1 f5 35. Kh2 Kg7 36. g4 Kf6 37. g5+ Ke6 38. h4 Rd8 39. Kg3 Bc3 40. Re2 Rd3+ 41. Kg2 Bd4 42. h5 Rf3 43. Bg3 f4 44. Rxe4+ Kf5 45. Kxf3 fxg3 46. Rf4+ Kxg5 47. Rg4+ Kxh5 48. Rxg3 h6 49. Rh3+ Kg5 50. Rh2 h5 51. Re2 Kf5 52. Kg3 a5 53. Kh4 Kg6 54. Re6+ Kf5 55. Rxc6 Ke4 56. Kxh5 Kd3 57. Ra6 Bc3 58. Rc6 Bb4 59. Rb6 Kc3 60. Rb5 Kb2 61. a4 Kxb3 62. Kg4 Kxa4 63. Rb8 Kb3 64. Kf3 a4 65. Ke4 a3 66. Ra8 a2 67. Rb8 a1=Q 68. Kd5 Qd4+ 69. Kc6 Qxc4 70. Rf8 Qe6+ 71. Kb5 Qd7+ 72. Ka6 Qd6+ 73. Kb5 Qxf8 74. Ka6 c4 75. Kb5 Qc5+ 76. Ka6 Qc6+ 77. Ka7 Bc5+ 78. Kb8 Qd7 79. Ka8 Qa7# 0-1


[Site "https://www.chess.com"]

[Event "Titled Tuesday Blitz January 17 Late 2023"]
[White "Boruchovsky, Avital"]
[Black "Bayo Milagro, Alvaro"]
[WhiteFideId "2800055"]
[BlackFideId "22275240"]
[WhiteElo "2539"]
[BlackElo "2287"]
[Result "1-0"]
[Round "03"]
[TimeControl "180+2"]
[Date "2023.01.17"]
[WhiteClock "0:01:21"]
[BlackClock "0:01:28"]

1. d4 Nf6 2. c4 g6 3. Nc3 Bg7 4. e4 d6 5. Be3 O-O 6. Be2 Na6 7. f4 c5 8. d5 e6 9. Bf3 exd5 10. cxd5 Re8 11. Nge2 Nxe4 12. Bxe4 f5 13. O-O fxe4 14. Ng3 Bf5 15. Re1 Nb4 16. Re2 Bg4 17. Ncxe4 Bxe2 18. Qxe2 Nxd5 19. Qc4 Kh8 20. Qxd5 Bxb2 21. Nxd6 Qf6 22. Nge4 Qe6 23. Qxe6 Rxe6 24. Rb1 Bg7 25. Rxb7 Rd8 26. Nf7+ 1-0


[Site "https://www.chess.com"]

[Event "Titled Tuesday Blitz January 17 Late 2023"]
[White "Pakleza, Zbigniew"]
[Black "Fisher_TheGalactic"]
[WhiteFideId "1119290"]
[WhiteElo "2494"]
[BlackElo "2537"]
[Result "1-0"]
[Round "03"]
[TimeControl "180+2"]
[Date "2023.01.17"]
[WhiteClock "0:00:04"]
[BlackClock "0:00:01"]

1. d4 d5 2. Bf4 e6 3. e3 Nf6 4. Nd2 Bd6 5. Bg3 O-O 6. Ngf3 c5 7. c3 Nc6 8. Bd3 Qe7 9. Ne5 Nd7 10. Nxd7 Bxd7 11. Bxd6 Qxd6 12. dxc5 Qe7 13. b4 a5 14. a3 axb4 15. cxb4 d4 16. e4 f5 17. O-O Ne5 18. Nc4 Nxd3 19. Qxd3 e5 20. exf5 Bxf5 21. Qg3 e4 22. Rfe1 d3 23. Qxd3 Qf7 24. Qe2 Qg6 25. Qe3 Bg4 26. Qg3 Qe6 27. Nd6 h5 28. Rxe4 Qf6 29. Rf1 Qb2 30. h3 Rxa3 31. Re3 Rxe3 32. Qxe3 Bd7 33. b5 Bxb5 34. Re1 Bd7 35. f3 Qf6 36. Kh2 Bc6 37. Qe5 Qh6 38. Nc4 Qg6 39. Nd6 Qh6 40. Qe6+ Qxe6 41. Rxe6 Rd8 42. Re7 Kh7 43. Nxb7 Bxb7 44. Rxb7 Rd5 45. Rc7 Rd2 46. Kg3 Rc2 47. h4 Kg6 48. c6 Kh6 49. Rc8 Rc4 50. c7 Kg6 51. Kf2 Rc2+ 52. Ke3 Rc3+ 53. Kd4 Rc1 54. Ke4 Kf7 55. Kf4 Rc5 56. g4 hxg4 57. Kxg4 Rc4+ 58. f4 Rc1 59. h5 Rg1+ 60. Kf5 Rc1 61. h6 Rc5+ 62. Kg4 gxh6 63. Rh8 h5+ 64. Rxh5 Rc1 65. Rh8 Kg6 66. c8=Q 1-0


[Site "https://www.chess.com"]

[Event "Titled Tuesday Blitz January 17 Late 2023"]
[White "Boros, Denes"]
[Black "Pesotskiy, Mikhail"]
[WhiteFideId "722340"]
[BlackFideId "34164453"]
[WhiteElo "2406"]
[BlackElo "2153"]
[Result "1-0"]
[Round "03"]
[TimeControl "180+2"]
[Date "2023.01.17"]
[WhiteClock "0:00:22"]
[BlackClock "0:00:02"]

1. d4 Nf6 2. Nc3 d5 3. Nf3 c5 4. Bg5 e6 5. e4 dxe4 6. Nxe4 Nbd7 7. dxc5 Bxc5 8. Nxc5 Nxc5 9. Qxd8+ Kxd8 10. O-O-O+ Ke7 11. Ne5 h6 12. Be3 Ncd7 13. f4 Nd5 14. Bd4 Nxe5 15. fxe5 b6 16. c4 Nb4 17. a3 Nc6 18. Bc3 Bb7 19. Be2 Rad8 20. Bf3 Rxd1+ 21. Rxd1 Rd8 22. Rd6 Rxd6 23. exd6+ Kxd6 24. Bxg7 Ba6 25. Bf8+ Kd7 26. Bxh6 Bxc4 27. h4 Ne5 28. Bd1 f6 29. h5 Ke7 30. Kd2 Kf7 31. Kc3 Bd5 32. g3 Bf3 33. Bxf3 Nxf3 34. Kc4 a6 35. Be3 b5+ 36. Kc5 Ne5 37. b3 Ng4 38. Bd2 f5 39. Kb6 Nf6 40. h6 Ne4 41. Bf4 e5 42. Bxe5 Nd2 43. h7 1-0


[Site "https://www.chess.com"]